 Dungeon Crawl Stone Soup version 0.28-a0-1236-gb25a51b929 (webtiles) character file.

Game seed: 4841556479339199049

4921 Ic0n the Slinger (level 10, -3/68 HPs)
             Began as a Formicid Hunter on Dec 25, 2021.
             Was an Initiate of Ashenzari.
             Slain by Gastronok (9 damage)
             ... on level 8 of the Dungeon.
             The game lasted 00:25:21 (12846 turns).

Ic0n the Slinger (Formicid Hunter)                 Turns: 12846, Time: 00:25:21

Health: -3/68      AC:  9    Str: 18    XL:     10   Next: 81%
Magic:  10/10      EV:  7    Int: 10    God:    Ashenzari [......]
Gold:   476        SH:  4    Dex: 15    Spells: 9/9 levels left

rFire   . . .      SeeInvis +   b - +2 flail (drain)
rCold   . . .      Faith    .   v - +0 buckler of Ashenzari's Black Moon {Comp, Cun} (curse)
rNeg    + . .      Spirit   .   o - +1 chain mail
rPois   +          Reflect  .   (helmet unavailable)
rElec   .          Harm     .   (no cloak)
rCorr   .          Rampage  .   (no gloves)
Will    +....                   (no boots)
Stlth   ..........              (no amulet)
HPRegen 0.21/turn               i - ring of positive energy
MPRegen 0.12/turn               s - ring of poison resistance

@: no status effects
A: permanent stasis, dig shafts and tunnels, antennae 3, four strong arms
a: Dig, Shaft Self, Renounce Religion, Curse Item, Shatter the Chains


You were on level 8 of the Dungeon.
You worshipped Ashenzari.
Ashenzari was noncommittal.
You visited 1 branch of the dungeon, and saw 8 of its levels.

You collected 476 gold pieces.

Inventory:

Hand Weapons
 a - a +2 hunting sling
 b - a +2 flail of draining (weapon)
 f - a +0 short sword
 u - a +0 long sword
 y - a +1 whip of freezing
Missiles
 d - 33 sling bullets
 e - 112 stones (quivered)
 p - 3 throwing nets
Armour
 o - a +1 chain mail (worn)
 v - the cursed +0 buckler of Ashenzari's Black Moon (worn) {Comp, Cun}
   (You found it on level 5 of the Dungeon)

   It has a curse which improves the following skills: Companions: Summonings
   and Necromancy.
   Cunning:   Dodging and Stealth.
Jewellery
 i - a ring of positive energy (left hand)
 j - a +6 ring of intelligence
 s - a ring of poison resistance (right hand)
 w - a ring of flight
Wands
 n - a wand of flame (16)
Scrolls
 h - 2 scrolls of fear
 l - 2 scrolls of fog
Potions
 g - 2 potions of ambrosia
 k - 2 potions of haste
 q - a potion of attraction
 r - a potion of berserk rage
 t - a potion of brilliance
 x - 3 potions of flight
 z - a potion of curing


   Skills:
 - Level 2.6 Fighting
 - Level 1.6 Short Blades
 + Level 10.7 Maces & Flails
 - Level 12.0 Slings
 - Level 1.7(2.1) Dodging
 - Level 1.2(1.5) Stealth
 - Level 2.4 Shields


You had 9 spell levels left.
You didn't know any spells.
Your spell library contained the following spells:

 Spells                   Type           Power      Damage    Failure   Level
 Frozen Ramparts          Ice            0%         1d2       100%        3
 Ozocubu's Armour         Ice            0%         N/A       100%        3
 Hailstorm                Conj/Ice       0%         3d3       100%        4
 Ice Form                 Ice/Tmut       0%         N/A       100%        4
 Summon Ice Beast         Ice/Summ       0%         N/A       100%        4
 Blade Hands              Tmut           0%         N/A       100%        5
 Irradiate                Conj/Tmut      0%         3d13      100%        5
 Simulacrum               Ice/Necr       0%         N/A       100%        6
 Dragon Form              Tmut           0%         N/A       100%        7
 Ozocubu's Refrigeration  Ice            0%         4d5       100%        7


Dungeon Overview and Level Annotations

Branches:
Dungeon (8/15)             Temple (0/1) D:7
   Lair: D:8-11

Altars:
Ashenzari
Cheibriados
Dithmenos
Elyvilon
Gozag
Nemelex Xobeh
Qazlal
Wu Jian
Xom
Zin

Annotations:
D:8 Gastronok


Innate Abilities, Weirdness & Mutations

You cannot be hasted, slowed, berserked, paralysed or teleported.
You can dig through walls and to a lower floor.
You have a pair of large antennae on your head. (SInv)
Your four strong arms can wield two-handed weapons with a shield.


Message History

The bat hits you but does no damage.
You shoot a sling bullet.
The sling bullet closely misses the bat.
The bat hits you but does no damage.
Really attack while wielding your +2 hunting sling?
Okay, then.
You sense an unholy aura.
b - a +2 flail of draining (weapon)
The bat hits you but does no damage. The bat closely misses you.
Gastronok bites you!!
Ouch! That really hurt!
You sock Gastronok!
Gastronok is moderately wounded.
The bat hits you but does no damage.
You hit Gastronok. You drain Gastronok.
Gastronok is moderately wounded.
The bat barely misses you. Gastronok bites you!!
* * * LOW HITPOINT WARNING * * *
You hit Gastronok.
Gastronok is moderately wounded.
The bat hits you but does no damage.
Okay, then.
You hit Gastronok but do no damage. You drain Gastronok.
Gastronok is moderately wounded.
You block the bat's attack.
Gastronok's eyestalks quiver as he mumbles some strange words.
You hit Gastronok.
Gastronok is heavily wounded.
The bat hits you but does no damage. The bat closely misses you.
The bat barely misses you.
You sock Gastronok! You drain Gastronok.
Gastronok is heavily wounded.
The bat hits you but does no damage.
The quokka bites you but does no damage.
You sock Gastronok!
Gastronok is severely wounded.
The bat hits you but does no damage. x2
Gastronok gurgles, "A snack!
A snack!"
Gastronok bites you!
You die...

...## #..#
#.#.....######. ...##
##.## #.###..........
....## #..# ###.#
##......... #....##
#..# #...# #......###
#.....###.## ##...#
##)...## #
#..........## ##...##
##).#..#
##......#...###....#
#..###..#
......#####......b(#
##.## #..# .....##
###.b.@.## ##..# ...
......# ###.rw#
##.).# #.. ...#..#
##.(###..)## (.
.####.## ##.(.....# #
## ##.#
#......######.# #
#.## #.##..........#
# ##.#
#.###.....###.# #
#.#########.##.(#..##
#
##.##........#.#..##


You could see Gastronok (drained), a quokka (summoned) and 2 bats.

Vanquished Creatures
  Harold (D:7)
  Pikel (D:4)
  Maggie (D:7)
  A troll (D:6)
  Prince Ribbit (D:8)
  2 wyverns
  Menkaure (D:5)
  Edmund (D:6)
  A water moccasin (D:7)
  3 sky beasts
  2 necrophages
  2 hornet zombies
  An ice beast (D:7)
  An orc warrior (D:8)
  2 black bears
  An ogre (D:7)
  A centaur (D:5)
  2 lemures
  A phantom (D:5)
  4 scorpions
  A water moccasin zombie (D:5)
  5 killer bees (D:8)
  4 wights (D:6)
  An electric eel (D:7)
  A hound (D:5)
  An orc priest (D:3)
  A centaur skeleton (D:7)
  2 gnoll shamans
  Jessica (D:2)
  2 bullfrog skeletons (D:5)
  3 orc wizards
  An iguana (D:6)
  9 gnolls
  6 adders
  3 white imps
  An adder skeleton (D:5)
  24 orcs
  3 endoplasms (D:1)
  9 giant cockroaches
  4 goblins
  3 hobgoblins (D:1)
  4 jackals
  5 quokkas
  9 ball pythons
  5 frilled lizards
  6 kobolds
  2 rats (D:1)
146 creatures vanquished.

Notes
Turn   | Place    | Note
-------+----------+-------------------------------------------
     0 | D:1      | Ic0n the Formicid Hunter began the quest for the Orb.
     0 | D:1      | Reached XP level 1. HP: 16/16 MP: 1/1
   597 | D:1      | Reached XP level 2. HP: 22/22 MP: 2/2
   845 | D:1      | Reached skill level 5 in Slings
  1309 | D:1      | Reached XP level 3. HP: 27/27 MP: 3/3
  1696 | D:2      | Found a faded altar of an unknown god.
  1733 | D:2      | Prayed at the altar of an unknown god.
  1733 | D:2      | Became a worshipper of Ashenzari the Shackled
  2023 | D:2      | You fall into a shaft and drop 2 floors!
  2042 | D:4      | Reached XP level 4. HP: 14/33 MP: 4/4
  2054 | D:4      | Noticed a scorpion
  2367 | D:3      | Reached skill level 6 in Slings
  2548 | D:2      | Noticed Jessica
  2556 | D:2      | Killed Jessica
  3152 | D:2      | Reached XP level 5. HP: 14/38 MP: 5/5
  3775 | D:3      | Reached skill level 7 in Slings
  3833 | D:3      | Reached XP level 6. HP: 44/44 MP: 6/6
  4586 | D:4      | Reached skill level 8 in Slings
  4909 | D:4      | Noticed a sky beast
  4921 | D:4      | Killed a sky beast
  4922 | D:4      | Reached XP level 7. HP: 50/50 MP: 7/7
  5228 | D:4      | Reached skill level 9 in Slings
  5444 | D:5      | Entered Level 5 of the Dungeon
  6056 | D:5      | Reached skill level 10 in Slings
  6056 | D:5      | Reached skill level 1 in Shields
  6056 | D:5      | Reached XP level 8. HP: 56/56 MP: 8/8
  6228 | D:5      | Noticed Menkaure
  6235 | D:5      | Killed Menkaure
  6341 | D:5      | Noticed Pikel
  6438 | D:5      | Found a white marble altar of Elyvilon.
  6439 | D:5      | Found a snail-covered altar of Cheibriados.
  6439 | D:5      | Found a shimmering altar of Xom.
  6440 | D:5      | Found an ornate altar of the Wu Jian Council.
  6442 | D:5      | Found a shadowy altar of Dithmenos.
  6897 | D:4      | Killed Pikel
  6898 | D:4      | Reached skill level 12 in Slings
  6898 | D:4      | Reached skill level 1 in Short Blades
  6898 | D:4      | Reached XP level 9. HP: 14/62 MP: 9/9
  7315 | D:6      | Noticed Edmund
  7329 | D:6      | Killed Edmund
  7365 | D:6      | Noticed a troll
  7378 | D:6      | Killed a troll
  7972 | D:6      | Reached skill level 5 in Maces & Flails
  8628 | D:7      | Noticed Maggie
  9080 | D:7      | Found a staircase to the Ecumenical Temple.
  9178 | D:7      | Killed Maggie
  9179 | D:7      | Reached XP level 10. HP: 53/68 MP: 10/10
  9354 | D:7      | Noticed Harold
  9373 | D:7      | Killed Harold
 11113 | D:8      | Noticed Prince Ribbit
 11127 | D:8      | Killed Prince Ribbit
 11128 | D:8      | Reached skill level 10 in Maces & Flails
 11644 | D:8      | Found a sparkling altar of Nemelex Xobeh.
 11865 | D:8      | Noticed Gastronok
 11866 | D:8      | Noticed a two-headed ogre
 12517 | D:8      | Found a glowing silver altar of Zin.
 12522 | D:8      | Found a stormy altar of Qazlal.
 12526 | D:8      | Found an opulent altar of Gozag.
 12846 | D:8      | Slain by Gastronok

Illustrated notes

Levels and vault maps discovered:
D:1:      nicolae_arrival_memento_mori, layout_basic, palyth_stone_intersect,
          minmay_liquid_box, hangedman_abyss_or_decor_lesser_grid
D:2:      minmay_roachtagon, layout_basic, basic_ecumenical_altar,
          grunt_decor_one_mirror, hex_intersection, minivault_25, uniq_jessica
D:3:      layout_loops_ring
D:4:      layout_cave_pools
D:5:      layout_loops_ring, minitemple, hangedman_decor_lopped, uniq_menkaure,
          uniq_pikel
D:6:      layout_basic, chequers_serial_rivers_micro_d, uniq_edmund
D:7:      layout_cave_pools, minmay_temple_entry_butterflies,
          nicolae_lava_and_water, uniq_harold, uniq_maggie
D:8:      layout_layer_cave, grunt_temple_overflow_diamond,
          nemelex_diamond_rough_becter, uniq_prince_ribbit1, uniq_gastronok

Skill      XL: |  1  2  3  4  5  6  7  8  9 10 |
---------------+-------------------------------+-----
Slings         | 5 6 7 8 10 12 | 12.0
Shields        | 1 2 |  2.4
Short Blades   | 1 |  1.6
Maces & Flails | 7 10 | 10.7
Fighting       | |  2.6
Dodging        | |  1.7
Stealth        | |  1.2

Action                   |  1- 3 |  4- 6 |  7- 9 | 10-12 || total
-------------------------+-------+-------+-------+-------++-------
Melee: Short sword       |     1 |    40 |       |       ||    41
       Whip              |       |       |    25 |     2 ||    27
       Flail             |       |       |    23 |   114 ||   137
 Fire: Hunting sling     |    73 |   134 |   282 |   116 ||   605
Throw: Stone             |       |       |       |     2 ||     2
Invok: Curse Item        |       |       |       |     1 ||     1
Evoke: Wand              |       |       |       |     1 ||     1
  Use: Potion            |     2 |       |     5 |     3 ||    10
       Scroll            |       |     8 |     6 |     2 ||    16
Armor: Leather armour    |     2 |     5 |       |       ||     7
       Chain mail        |       |    37 |    24 |    40 ||   101
       Skin              |       |       |     8 |       ||     8
Dodge: Dodged            |     4 |    32 |    32 |    44 ||   112
Block: Buckler           |       |       |    22 |    12 ||    34

Table legend: (Time is in decaauts)
 A = Elapsed time spent in this place.
 B = Non-inter-level travel time spent in this place.
 C = Inter-level travel time spent in this place.
 D = Time resting spent in this place.
 E = Time spent auto-exploring this place.
 F = Levels seen in this place.
 G = Mean time per level.
                   A        B        C        D        E       F      G
               +--------+--------+--------+--------+--------+-----+--------+
         Total |  12655 |  12386 |    269 |   6131 |   4460 |   8 | 1581.9 |
       Dungeon |  12655 |  12386 |    269 |   6131 |   4460 |   8 | 1581.9 |
               +--------+--------+--------+--------+--------+-----+--------+

Top non-repeatable levels by time:
     D:7: 2173 daAuts
     D:8: 1757 daAuts
     D:4: 1739 daAuts
     D:1: 1639 daAuts
     D:3: 1411 daAuts
     D:5: 1404 daAuts
     D:6: 1332 daAuts
     D:2: 1196 daAuts
